 Dungeon Crawl Stone Soup version 0.19.0-9-gfd783f2 (webtiles) character file.

36 Pepeogr the Skirmisher (level 3, -1/29 HPs)
             Began as a Demonspawn Fighter on Nov 7, 2016.
             Killed from afar by a giant cockroach (15 damage)
             ... with an exploding inner flame
             ... hexed by the player character
             ... on level 2 of the Dungeon.
             The game lasted 00:03:56 (629 turns).

Pepeogr the Skirmisher (Demonspawn Fighter)          Turns: 629, Time: 00:03:58

Health: -1/29      AC:  9    Str: 17    XL:     3   Next: 19%
Magic:  3/3        EV:  4    Int:  9    God:
Gold:   24         SH:  9    Dex: 12    Spells: 0 memorised, 2 levels left

rFire  . . .     SeeInvis .     a - +0 war axe
rCold  . . .     Gourm    .     h - +0 chain mail
rNeg   . . .     Faith    .     c - +0 shield
rPois  .         Spirit   .     (helmet restricted)
rElec  .         Reflect  .     (no cloak)
rCorr  .         Harm     .     (no gloves)
MR     .....                    (no boots)
Stlth  ..........               (no amulet)
                                k - ring of stealth
                                i - ring of stealth

@: no status effects
A: antennae 1, claws 1
a: no special abilities


You were on level 2 of the Dungeon.
You were not hungry.

You visited 1 branch of the dungeon, and saw 2 of its levels.

You collected 24 gold pieces.

Inventory:

Hand Weapons
 a - a +0 war axe (weapon)
Armour
 b - a +0 scale mail
 c - a +0 shield (worn)
 h - a +0 chain mail (worn)
Jewellery
 i - a ring of stealth (left claw)
 k - a ring of stealth (right claw)
Scrolls
 j - 2 scrolls of teleportation {unknown}
Potions
 d - a potion of might
Books
 l - a book of Cantrips

   Spells                             Type                      Level
   a - Confusing Touch                Hexes                        1
   b - Animate Skeleton               Necromancy                   1
   c - Summon Small Mammal            Summoning                    1
   d - Apportation                    Translocation                1
Comestibles
 f - 2 bread rations


   Skills:
 + Level 3.3 Fighting
 * Level 2.5 Axes
 + Level 2.9 Armour
 * Level 3.0 Shields


You had 2 spell levels left.
You didn't know any spells.

Dungeon Overview and Level Annotations

Branches:
Dungeon (2/15)

Altars:

Annotations:
D:2 Robin


Innate Abilities, Weirdness & Mutations

You have a pair of small antennae on your head.
You have sharp fingernails.


Message History

A goblin and a hobgoblin come into view.
The goblin shouts!
The hobgoblin shouts!
A goblin and Robin come into view.
The giant cockroach barely misses you.
As you read the scroll labeled IPSICLU ROPT, it crumbles to dust.
The creatures around you are filled with an inner flame!
It was a scroll of immolation.
The goblin shouts!
The giant cockroach bites you but does no damage.
The giant cockroach bites you but does no damage.
You see here an adder corpse.
The giant cockroach bites you but does no damage.
You block the giant cockroach's attack.
You hit the giant cockroach.
The giant cockroach explodes!
The fiery explosion engulfs the goblin.
You kill the goblin!
The fiery explosion engulfs you!
Ouch! That really hurt!
You die...

#.....................##.###
#..........##.......#.
#..........#........#
.....................#
#.#............###....##..
#.#....................... .
..≈≈≈..........###.##..#
.......#.### .# ## .....#@§#
.. ..####.## ## # ##§g#
##g.## ##gg## #..##
#gg.{...# ...........
...#.g..g....


You could see 6 goblins.

Vanquished Creatures
  An adder (D:2)
  A worm (D:2)
  A leopard gecko (D:2)
  2 giant cockroaches
  4 goblins
  2 jackals (D:1)
  A bat (D:1)
  A frilled lizard (D:2)
  9 kobolds
  3 rats
25 creatures vanquished.

Notes
Turn   | Place    | Note
-------+----------+-------------------------------------------
     0 | D:1      | Pepeogr the Demonspawn Fighter began the quest for the Orb.
     0 | D:1      | Reached XP level 1. HP: 18/18 MP: 1/1
   237 | D:1      | Gained mutation: You have sharp fingernails. [demonic ancestry]
   237 | D:1      | Reached XP level 2. HP: 12/24 MP: 2/2
   611 | D:2      | Gained mutation: You have a pair of small antennae on your head. [demonic ancestry]
   611 | D:2      | Reached XP level 3. HP: 12/29 MP: 3/3
   620 | D:2      | Noticed Robin
   629 | D:2      | Killed from afar by a giant cockroach

Skill      XL: |  1  2 |
---------------+-------+-----
Shields        | 3 |  3.0
Axes           | 2 |  2.5
Fighting       | |  3.3
Armour         | |  2.9

Action                   || total
-------------------------++-------
Melee: War axe           ||    99
  Use: Scroll            ||     6
       Potion            ||     1
Armor: Scale mail        ||    20
       Chain mail        ||    65
Dodge: Dodged            ||    20
Block: Shield            ||    55
